Map: Blueshift LE

Players

Vrajitoru - Winner!

  • Race: Zerg Zerg
  • League: Silver
  • Spawn Location: 7:00

Maximusx

  • Race: Zerg Zerg
  • League: Silver
  • Spawn Location: 1:00

VOD

Have the link to the VOD?

Description

Time

  • Played on: Oct. 19, 2018, 9:22 a.m.
  • Length: 6:34
Show
View Real Time Build Order
Export as new Build Order

Vrajitoru Zerg - Winner!

Build Orders: Pool First 

Get SALT Encoding   

  12  0:02  Drone  
  13  0:13  Overlord  
  13  0:23  Drone  
  14  0:32  Drone x2  
  16  0:49  Extractor, Spawning Pool  
  14  0:53  Drone x2  
  16  1:18  Hatchery  
  15  1:19  Drone  
  16  1:43  Queen  
  16  1:46  Zergling x4  
  16  1:47  Zergling x2  
  21  2:00  Overlord  
  21  2:15  Drone  
  22  2:25  Metabolic Boost  
  22  2:30  Zergling x2  
  22  2:33  Queen  
  23  3:15  Zergling x8  
  23  3:16  Zergling x6  
  29  3:28  Zergling x4  
  29  3:29  Zergling x4  
  33  3:50  Zergling x4  
  33  3:51  Zergling x2  
  36  4:14  Overlord  
  36  4:15  Overlord  
  36  4:39  Zergling x8  
  36  4:40  Zergling x16  
  48  4:54  Lair  
  48  4:57  Zergling x2  
  48  4:58  Zergling x4  
  37  5:47  Zergling x12  
  33  6:06  Zergling x2  
  33  6:07  Zergling x2  
Show
View Real Time Build Order
Export as new Build Order

Maximusx Zerg 

Build Orders: Pool First 

Get SALT Encoding   

  12  0:02  Drone  
  13  0:09  Drone  
  14  0:23  Drone, Extractor  
  14  0:24  Extractor  
  14  0:25  Drone  
  16  0:39  Overlord  
  16  1:06  Drone x3  
  19  1:12  Spawning Pool  
  18  1:18  Hatchery  
  18  1:20  Drone  
  18  1:24  Extractor  
  17  1:32  Drone  
  18  1:38  Extractor  
  17  1:43  Drone  
  18  1:50  Drone  
  19  2:00  Drone  
  20  2:02  Queen  
  22  2:15  Hatchery  
  22  2:16  Overlord  
  21  2:29  Spine Crawler  
  20  2:33  Metabolic Boost  
  20  2:36  Drone  
  20  2:37  Drone x2  
  23  2:53  Zergling x6  
  27  3:23  Drone  
  27  3:26  Drone  
  29  3:27  Drone x3  
  32  3:43  Lair  
  32  3:45  Queen  
  34  3:49  Drone x2  
  34  3:53  Overlord x2  
  36  4:02  Baneling Nest  
  35  4:07  Hatchery  
  35  4:09  Extractor  
  33  4:13  Extractor  
  32  4:21  Queen  
  34  4:30  Zergling x6  
  34  4:31  Zergling x8  
  41  4:34  Zergling x2  
  41  4:36  Zergling x2  
  43  4:39  Zergling x2  
  44  4:49  Centrifical Hooks  
  44  5:12  Spire  
  37  5:29  Zergling x4  
  37  5:30  Zergling x14  
  23  5:54  Zergling x2  
  23  5:55  Zergling x10  
  14  6:06  Drone x3  
Tags
 
Add a new tag
Caveats
  • Supply blocks, unpowered buildings, or Contaminate may cause inaccurate times.
  • Supply counts are checked every 10 seconds.